 Dungeon Crawl Stone Soup version 0.29.1-15-g9cfb28693d (webtiles) character file.

Game seed: 16455151729677556745

517 Eryximachus the Magician (level 7, -5/40 HPs)
             Began as a Gargoyle Hedge Wizard on Mar 26, 2023.
             Slain by an ogre
             ... wielding a +0 giant club
              (25 damage)
             ... on level 4 of the Dungeon.
             The game lasted 00:19:00 (5786 turns).

Eryximachus the Magician (Gargoyle Hedge Wizard)    Turns: 5786, Time: 00:19:01

Health: -5/40      AC:  7    Str: 19    XL:     7   Next: 20%
Magic:  11/13      EV: 15    Int: 16    God:
Gold:   201        SH:  5    Dex: 12    Spells: 9/14 levels left

rFire   . . .      SeeInvis .   y - +2 war axe of Fulakaed {pain, *Noise Str+5 Dex+3}
rCold   . . .      Faith    .   m - +0 buckler
rNeg    + . .      Spirit   .   b - +0 robe
rPois   ∞          Reflect  .   i - +0 helmet
rElec   +          Harm     .   (no cloak)
rCorr   .          Rampage  .   (no gloves)
Will    .....                   (no boots)
Stlth   ++........              (no amulet)
HPRegen 0.13/turn               E - +4 ring of evasion
MPRegen 0.13/turn               (no ring)

@: no status effects
A: sickness immunity, AC +4, negative energy resistance 1, electricity
resistance, torment resistance 1, petrification resistance
a: no special abilities


You were on level 4 of the Dungeon.
You visited 1 branch of the dungeon, and saw 4 of its levels.
You also visited: Sewer.

You collected 201 gold pieces.


Innate Abilities, Weirdness & Mutations

You are immune to sickness and miasma.
Your stone body is resilient. (AC +4)
You are immune to poison.
You resist negative energy. (rN+)
You are resistant to electric shocks. (rElec)
You are resistant to unholy torment.
You are immune to petrification.


   Skills:
 - Level 2.0 Fighting
 - Level 2.0 Dodging
 - Level 3.0 Stealth
 - Level 4.0 Shields
 - Level 4.0 Spellcasting
 - Level 2.0 Conjurations
 * Level 3.8 Summonings
 - Level 1.0 Translocations


You had 9 spell levels left.
You knew the following spells:

 Your Spells              Type           Power      Damage    Failure   Level
c - Call Imp              Summ           15%        N/A       7%          2
m - Magic Dart            Conj           36%        1d4       10%         1
B - Blink                 Tloc           12%        N/A       22%         2

Your spell library contained the following spells:

 Spells                   Type           Power      Damage    Failure   Level
 Apportation              Tloc           12%        N/A       14%         1
 Slow                     Hex            12%        N/A       22%         1
 Conjure Flame            Conj/Fire      6%         6-21      38%         3
 Mephitic Cloud           Conj/Pois/Air  5%         N/A       45%         3
 Alistair's Intoxication  Tmut/Pois      2%         N/A       99%         5

Inventory:

Hand Weapons
 r - a +1 short sword of draining
 y - the +2 war axe of Fulakaed (weapon) {pain, *Noise Str+5 Dex+3}
   (You found it in a sewer)

   In the hands of one skilled in necromantic magic, it inflicts extra damage on
   living creatures.
   Str:       It affects your strength (+5).
   Dex:       It affects your dexterity (+3).
   *Noise:    It may make noises in combat.
Missiles
 h - 44 stones
 v - 12 poisoned darts (quivered)
Armour
 b - a +0 robe (worn)
 c - a +0 hat
 i - a +0 helmet (worn)
 m - a +0 buckler (worn)
Jewellery
 E - a +4 ring of evasion (left hand)
 N - a ring of positive energy
Wands
 A - a wand of charming (4)
Scrolls
 e - 7 scrolls of identify {@r1}
 f - a scroll of immolation
 g - a scroll of silence {!r}
 j - a scroll of magic mapping {unknown}
 l - 2 scrolls of vulnerability {unknown}
 n - a scroll of acquirement {unknown}
 o - a scroll of summoning {unknown}
 s - 3 scrolls of blinking {unknown}
 t - a scroll of teleportation {unknown}
 u - 2 scrolls of noise {unknown}
 w - a scroll of brand weapon {unknown}
 B - a scroll of fog {unknown}
Potions
 a - a potion of haste {unknown}
 d - a potion of magic
 k - a potion of mutation {unknown}
 p - a potion of flight {unknown}
 q - a potion of lignification {unknown}
 x - a potion of curing {unknown}
 z - a potion of degeneration {unknown}

Dungeon Overview and Level Annotations

Branches:
Dungeon (4/15)              Sewer (visited)
 Temple: D:4-7

Altars:
Ashenzari
Dithmenos

## # ##...# .###...#
#....# ..# <....... .g
#....# ...+ ......).
..g#....#....# ...>....
...g....#....# ........
#..).#....#
################'#....#
#.........O.>..#
#........@5....# ...
#..............# ...#
#..............# ...#
#..............# ...#
#..............#
...#####.......>......#
#..........#######....#
#..........#.....#....#
#..........#.....'....#


You could see an ogre (ally target) and a friendly crimson imp (summoned).


Message History

Your Shields skill increases to level 4!
You slash the gnoll!
You kill the gnoll!
The dart slug launches a dart at you. The slug dart misses you.
Items here: $ )) †.
You hit the dart slug.
Your war axe of Fulakaed shouts out instructions!
The dart slug is moderately wounded.
You hear a shout! x2; You hear an angry hiss.
An ogre comes into view. It is wielding a +0 giant club.
You block the dart slug's attack.
The ogre moves out of view.
You hit the dart slug.
The dart slug is moderately wounded.
The dart slug closely misses you.
You hit the dart slug.
The dart slug is heavily wounded.
The dart slug launches a dart at you. The slug dart hits you.
You slash the dart slug!
You kill the dart slug!
You closely miss the ogre. The ogre closely misses you.
You slash the ogre!
The ogre is heavily wounded.
Your crimson imp hits the ogre.
The ogre hits you with a +0 giant club!
* * * LOW HITPOINT WARNING * * *
Your crimson imp hits the ogre.
The ogre hits you with a +0 giant club!!
Ouch! That really hurt!
You die...

Skill      XL: |  1  2  3  4  5  6  7 |
---------------+----------------------+-----
Summonings     | 1 2 3 |  3.8
Translocations | 1 |  1.0
Dodging        | 2 |  2.0
Conjurations   | 2 |  2.0
Stealth        | 3 |  3.0
Shields        | 1 2 3 4 |  4.0
Fighting       | 1 2 |  2.0
Spellcasting   | 4 |  4.0

Action                   |  1- 3 |  4- 6 |  7- 9 || total
-------------------------+-------+-------+-------++-------
Melee: Dagger            |    87 |       |       ||    87
       Punch             |     2 |       |       ||     2
       Short sword       |     7 |    73 |       ||    80
       War axe           |       |    54 |    11 ||    65
 Cast: Magic Dart        |    54 |    30 |     2 ||    86
       Call Imp          |     4 |    12 |     1 ||    17
Evoke: Wand              |       |     2 |       ||     2
  Use: Scroll            |     2 |       |       ||     2
 Stab: Sleeping          |     3 |     4 |       ||     7
Armor: Robe              |    29 |    41 |     1 ||    71
Dodge: Dodged            |    97 |   129 |     6 ||   232
Block: Buckler           |       |    20 |     1 ||    21

Levels and vault maps discovered:
D:1:      lightli_arrival_noodles, layout_rooms, roderic_serpentine_path
D:2:      layout_basic
D:3:      layout_basic, nicolae_dithmenos_the_darkroom, general_overflow_altar,
          basic_ecumenical_altar, nrook_uturn, minmay_misc_feat_nine_boxes
D:4:      layout_gridville, zin_treasury, cheibrodos_sewer_entry_drain

Notes
Turn   | Place    | Note
-------+----------+-------------------------------------------
     0 | D:1      | Eryximachus the Gargoyle Hedge Wizard began the quest for
                  | the Orb.
     0 | D:1      | Reached XP level 1. HP: 10/10 MP: 4/4
   175 | D:1      | HP: 1/10 [dart slug/slug dart (2)]
   181 | D:1      | Reached skill level 1 in Summonings
   181 | D:1      | Reached skill level 1 in Translocations
   600 | D:1      | Reached XP level 2. HP: 12/15 MP: 3/6
  1457 | D:1      | Learned a level 2 spell: Call Imp
  2014 | D:2      | Reached XP level 3. HP: 19/19 MP: 2/7
  2701 | D:2      | Reached skill level 2 in Dodging
  2826 | D:2      | Reached skill level 2 in Conjurations
  3223 | D:3      | Found a shadowy altar of Dithmenos.
  3260 | D:3      | Learned a level 2 spell: Blink
  3545 | D:2      | Reached skill level 3 in Stealth
  3545 | D:2      | Reached XP level 4. HP: 9/24 MP: 6/9
  4013 | D:3      | Reached skill level 2 in Summonings
  4015 | D:3      | Reached skill level 1 in Shields
  4161 | D:3      | Found a faded altar of an unknown god.
  4703 | D:3      | Found a broken altar of Ashenzari.
  4874 | D:4      | Noticed a steam dragon
  4974 | D:4      | Noticed a necrophage
  5024 | D:4      | Killed a necrophage
  5025 | D:4      | Reached skill level 1 in Fighting
  5025 | D:4      | Reached XP level 5. HP: 9/29 MP: 4/10
  5091 | D:4      | Found a glowing drain.
  5104 | D:4      | Reached skill level 2 in Shields
  5254 | Sewer    | Entered a sewer
  5267 | Sewer    | Identified the +2 war axe of Fulakaed {pain, *Noise Str+5
                  | Dex+3}
  5375 | Sewer    | Noticed Pargi
  5420 | D:4      | Killed Pargi
  5421 | D:4      | Reached skill level 2 in Fighting
  5421 | D:4      | Reached XP level 6. HP: 27/35 MP: 8/11
  5528 | D:4      | Reached skill level 3 in Summonings
  5684 | D:4      | Reached skill level 3 in Shields
  5685 | D:4      | Reached skill level 4 in Spellcasting
  5733 | D:4      | Reached XP level 7. HP: 38/40 MP: 11/13
  5778 | D:4      | Reached skill level 4 in Shields
  5786 | D:4      | Slain by an ogre

Vanquished Creatures
  An ogre (D:4)
  A necrophage (D:4)
  An orc wizard (D:2)
  7 gnolls (D:4)
  4 adders
  4 dart slugs
  4 orcs
  14 bats
  5 endoplasms
  3 giant cockroaches
  A goblin (D:1)
  4 hobgoblins
  3 jackals (D:1)
  2 quokkas
  5 ball pythons
  7 kobolds
  6 rats
72 creatures vanquished.

Vanquished Creatures (collateral kills)
  Pargi (D:4)
  A necrophage (D:4)
  2 adders (D:2)
  A dart slug (D:4)
  A hobgoblin (D:4)
  A frilled lizard (D:2)
7 creatures vanquished.

Grand Total: 79 creatures vanquished

Table legend: (Time is in decaauts)
 A = Elapsed time spent in this place.
 B = Non-inter-level travel time spent in this place.
 C = Inter-level travel time spent in this place.
 D = Time resting spent in this place.
 E = Time spent auto-exploring this place.
 F = Levels seen in this place.
 G = Mean time per level.
                   A        B        C        D        E       F      G
               +--------+--------+--------+--------+--------+-----+--------+
         Total |   5846 |   5611 |    235 |   2873 |    809 |   5 | 1169.2 |
       Dungeon |   5685 |   5450 |    235 |   2873 |    809 |   4 | 1421.2 |
         Sewer |    161 |    161 |      0 |      0 |      0 |   1 |  161.0 |
               +--------+--------+--------+--------+--------+-----+--------+

Top non-repeatable levels by time:
     D:2: 1881 daAuts
     D:1: 1878 daAuts
     D:3: 1163 daAuts
     D:4: 761 daAuts
   Sewer: 161 daAuts

Table legend:
 A = Non-vault XP
 B = Vault XP
 C = Vault XP percentage of total XP
 D = Non-vault monster count
 E = Vault monster count
 F = Vault count percentage of total count
                 A         B        C        D         E       F
            +---------+---------+-------+---------+---------+-------
      Total |     583 |     156 |  21.1 |      70 |       9 |  11.4
            +---------+---------+-------+---------+---------+-------
        D:1 |      29 |       0 |   0.0 |      16 |       0 |   0.0
        D:2 |      87 |       0 |   0.0 |      18 |       0 |   0.0
        D:3 |      32 |       0 |   0.0 |      17 |       0 |   0.0
        D:4 |     435 |     135 |  23.7 |      19 |       3 |  13.6
      Sewer |       0 |      21 | 100.0 |       0 |       6 | 100.0
            +---------+---------+-------+---------+---------+-------
